BR
ATLANTIC CITY WAR DOGS @ WASHINGTON DC HOT SAUCE
10/03/2027
 
TOP OF THE 1ST
Atlantic City War Dogs batting - Pitching for Washington DC Hot Sauce : RHP Maurice Green
Pitching: RHP Maurice Green
Batting: RHB Pancho Valdés 0-0: Swinging Strike
0-1: Swinging Strike
0-2: Foul Ball, location: 2F
0-2: Foul Ball, location: 2F
0-2: Strikes out swinging
Batting: RHB Bill Spence 0-0: Called Strike
0-1: Swinging Strike
0-2: Strikes out swinging
Batting: RHB José Guevara 0-0: Ball
1-0: Fly out, F9 (Flyball, 9S)
Top of the 1st over - 0 run(s), 0 hit(s), 0 error(s), 0 left on base; Atlantic City 0 - Washington DC 0
BOTTOM OF THE 1ST
Washington DC Hot Sauce batting - Pitching for Atlantic City War Dogs : RHP Augusto Molina
Pitching: RHP Augusto Molina
Batting: RHB Júlio García 0-0: Ball
1-0: Swinging Strike
1-1: Foul Ball, location: 2F
1-2: Foul Ball, location: 2F
1-2: Ball
2-2: SINGLE (Line Drive, 6M)
Batting: RHB Juan García 0-0: Ball
1-0: Ball
2-0: Ball
3-0: Called Strike
3-1: Base on Balls
Júlio García to second
Batting: LHB Vernon Hill 0-0: Called Strike
0-1: Ball
1-1: Ball
2-1: Foul Ball, location: 2F
2-2: Ground out 4-3 (Groundball, 4S)
Júlio García to third
Juan García to second
Batting: RHB Jake Lawrence 0-0: Called Strike
0-1: Called Strike
0-2: Ball
1-2: Ball
2-2: Ball
3-2: Strikes out looking
Batting: RHB Dan Salazar 0-0: Foul Ball, location: 2F
0-1: Ball
1-1: Called Strike
1-2: Foul Ball, location: 2F
1-2: Ball
2-2: Fly out, F6 (Popup, 56)
Bottom of the 1st over - 0 run(s), 1 hit(s), 0 error(s), 2 left on base; Atlantic City 0 - Washington DC 0
TOP OF THE 2ND
Atlantic City War Dogs batting - Pitching for Washington DC Hot Sauce : RHP Maurice Green
Batting: RHB Jamie Swyers 0-0: Called Strike
0-1: Ball
1-1: SINGLE (Flyball, 9LS)
Batting: LHB Patrick Ferguson 0-0: Ball
1-0: Called Strike
1-1: Ball
2-1: Foul Ball, location: 2F
2-2: Strikes out swinging
Batting: RHB Armando Vega 0-0: Called Strike
0-1: Ball
1-1: Fly out, F7 (Line Drive, 7)
Batting: RHB John Stevens 0-0: Ball
1-0: Foul Ball, location: 2F
1-1: Ball
Jamie Swyers steals 2nd base
2-1: Swinging Strike
2-2: Ball
3-2: SINGLE (Groundball, 34D)
Jamie Swyers to third
Jamie Swyers scores
Batting: RHB Jesús Herrera 0-0: Foul Ball, location: 2F
0-1: Foul Ball, location: 2F
0-2: Ball
1-2: Foul Ball, location: 2F
1-2: Strikes out swinging
Top of the 2nd over - 1 run(s), 2 hit(s), 0 error(s), 1 left on base; Atlantic City 1 - Washington DC 0
BOTTOM OF THE 2ND
Washington DC Hot Sauce batting - Pitching for Atlantic City War Dogs : RHP Augusto Molina
Batting: LHB Jean Beauchemin 0-0: Called Strike
0-1: Fly out, F8 (Flyball, 8RM)
Batting: RHB Juan Vélez 0-0: Ball
1-0: Foul Ball, location: 2F
1-1: Foul Ball, location: 2F
1-2: SINGLE (Groundball, 4MD)
Batting: RHB Juan López 0-0: Foul Ball, location: 2F
0-1: Called Strike
0-2: Ball
1-2: Foul Ball, location: 2F
1-2: Ball
2-2: Ball
3-2: Foul Ball, location: 2F
3-2: Foul Ball, location: 2F
3-2: Strikes out swinging
Batting: RHB Germán Ontiveros 0-0: Called Strike
Juan Vélez is caught stealing 2nd base
Bottom of the 2nd over - 0 run(s), 1 hit(s), 0 error(s), 0 left on base; Atlantic City 1 - Washington DC 0
TOP OF THE 3RD
Atlantic City War Dogs batting - Pitching for Washington DC Hot Sauce : RHP Maurice Green
Batting: RHB Pat Simms 0-0: Foul Ball, location: 2F
0-1: Swinging Strike
0-2: Foul Ball, location: 2F
0-2: Strikes out looking
Batting: RHB Pancho Valdés 0-0: Ball
1-0: Ball
2-0: Called Strike
2-1: Foul Ball, location: 2F
2-2: Foul Ball, location: 2F
2-2: Hit by Pitch
Batting: RHB Bill Spence 0-0: Called Strike
0-1: Ball
1-1: Ball
2-1: Swinging Strike
2-2: Foul Ball, location: 2F
2-2: Ball
3-2: SINGLE (Flyball, 4MD)
Pancho Valdés to second
Batting: RHB José Guevara 0-0: Hit by Pitch
Pancho Valdés to third
Bill Spence to second
Batting: RHB Jamie Swyers 0-0: Swinging Strike
0-1: Ball
1-1: Ball
2-1: Swinging Strike
2-2: Grounds into fielders choice 5-2 (Groundball, 56S)
Bill Spence to third
José Guevara to second
Batting: LHB Patrick Ferguson 0-0: Ball
1-0: Ball
2-0: Foul Ball, location: 2F
2-1: Ball
3-1: SINGLE (Groundball, 34D)
Bill Spence scores
José Guevara to third
Jamie Swyers to second
Runner from 3rd tries for Home, SAFE, throw made at trailing runner, SAFE at third!
Batting: RHB Armando Vega 0-0: Foul Ball, location: 2F
0-1: Ball
1-1: Called Strike
1-2: Ball
Wild Pitch!
Jamie Swyers scores
Patrick Ferguson to second
2-2: Ball
3-2: Strikes out swinging
Top of the 3rd over - 3 run(s), 2 hit(s), 0 error(s), 1 left on base; Atlantic City 4 - Washington DC 0
BOTTOM OF THE 3RD
Washington DC Hot Sauce batting - Pitching for Atlantic City War Dogs : RHP Augusto Molina
Batting: RHB Germán Ontiveros 0-0: Fly out, F8 (Flyball, 8RS)
Batting: RHB Júlio García 0-0: Ball
1-0: Foul Ball, location: 2F
1-1: Swinging Strike
1-2: Ball
2-2: Foul Ball, location: 2F
2-2: Ball
3-2: Strikes out looking
Batting: RHB Juan García 0-0: Ball
1-0: Ball
2-0: Hit by Pitch
Batting: LHB Vernon Hill 0-0: Called Strike
0-1: Fly out, F4 (Popup, 34)
Bottom of the 3rd over - 0 run(s), 0 hit(s), 0 error(s), 1 left on base; Atlantic City 4 - Washington DC 0
TOP OF THE 4TH
Atlantic City War Dogs batting - Pitching for Washington DC Hot Sauce : RHP Maurice Green
Batting: RHB John Stevens 0-0: Called Strike
0-1: Ground out 6-3 (Groundball, 56)
Batting: RHB Jesús Herrera 0-0: Called Strike
0-1: Called Strike
0-2: Foul Ball, location: 2F
0-2: Ball
1-2: Fly out, F7 (Line Drive, 7D)
Batting: RHB Pat Simms 0-0: Foul Ball, location: 2F
0-1: Foul Ball, location: 2F
0-2: Ball
1-2: Ball
2-2: Foul Ball, location: 2F
2-2: SINGLE (Line Drive, 56D)
Batting: RHB Pancho Valdés 0-0: Called Strike
0-1: Fielders Choice at 2nd, 5-4 (Groundball, 5)
Top of the 4th over - 0 run(s), 1 hit(s), 0 error(s), 0 left on base; Atlantic City 4 - Washington DC 0
BOTTOM OF THE 4TH
Washington DC Hot Sauce batting - Pitching for Atlantic City War Dogs : RHP Augusto Molina
Batting: RHB Jake Lawrence 0-0: Ball
1-0: Ball
2-0: Ball
3-0: Called Strike
3-1: Swinging Strike
3-2: Foul Ball, location: 2F
3-2: Foul Ball, location: 2F
3-2: Fly out, F7 (Line Drive, 7LM)
Batting: RHB Dan Salazar 0-0: Fly out, F8 (Flyball, 8RS)
Batting: LHB Jean Beauchemin 0-0: Ball
1-0: Ball
2-0: Swinging Strike
2-1: Ground out 4-3 (Groundball, 4)
Bottom of the 4th over - 0 run(s), 0 hit(s), 0 error(s), 0 left on base; Atlantic City 4 - Washington DC 0
TOP OF THE 5TH
Atlantic City War Dogs batting - Pitching for Washington DC Hot Sauce : RHP Maurice Green
Pitching: RHP Jeremiah Harris
Batting: RHB Bill Spence 0-0: Ball
1-0: Foul Ball, location: 2F
1-1: Foul Ball, location: 2F
1-2: SOLO HOME RUN (Flyball, 7LD), Distance : 343 ft
Batting: RHB José Guevara 0-0: Called Strike
0-1: Foul Ball, location: 2F
0-2: Ball
1-2: Strikes out swinging
Batting: RHB Jamie Swyers 0-0: Ball
1-0: Ball
2-0: Ball
3-0: Called Strike
3-1: Called Strike
3-2: Base on Balls
Batting: LHB Patrick Ferguson 0-0: Ball
Jamie Swyers steals 2nd base
1-0: Foul Ball, location: 2F
1-1: Ball
2-1: Ball
3-1: Fly out, F7 (Flyball, 7S)
Batting: RHB Armando Vega 0-0: Called Strike
0-1: Ball
1-1: Foul Ball, location: 2F
1-2: Ball
2-2: Ball
3-2: Foul Ball, location: 2F
3-2: SINGLE (Line Drive, 6D)
Jamie Swyers to third
Jamie Swyers scores
Batting: RHB John Stevens 0-0: Fielders Choice at 2nd, 5-4 (Groundball, 56)
Top of the 5th over - 2 run(s), 2 hit(s), 0 error(s), 0 left on base; Atlantic City 6 - Washington DC 0
BOTTOM OF THE 5TH
Washington DC Hot Sauce batting - Pitching for Atlantic City War Dogs : RHP Augusto Molina
Batting: RHB Juan Vélez 0-0: Ball
1-0: Ball
2-0: Swinging Strike
2-1: Foul Ball, location: 2F
2-2: Ball
3-2: Strikes out swinging
Batting: RHB Juan López 0-0: Ball
1-0: Ball
2-0: Foul Ball, location: 2F
2-1: Called Strike
2-2: SINGLE (Groundball, 6MD)
Pitching: RHP Mauro Martínez
Batting: RHB Germán Ontiveros 0-0: Called Strike
0-1: Foul Ball, location: 2F
0-2: Ball
1-2: Ball
2-2: Foul Ball, location: 2F
2-2: Ball
3-2: Grounds into double play, 5-4-3 (Groundball, 5L)
Bottom of the 5th over - 0 run(s), 1 hit(s), 0 error(s), 0 left on base; Atlantic City 6 - Washington DC 0
TOP OF THE 6TH
Atlantic City War Dogs batting - Pitching for Washington DC Hot Sauce : RHP Jeremiah Harris
Batting: RHB Jesús Herrera 0-0: Ball
1-0: Ball
2-0: Swinging Strike
2-1: Swinging Strike
2-2: Ball
3-2: Foul Ball, location: 2F
3-2: Foul Ball, location: 2F
3-2: Foul Ball, location: 2F
3-2: Foul Ball, location: 2F
3-2: Foul Ball, location: 2F
3-2: Fly out, F7 (Flyball, 7S)
Batting: RHB Pat Simms 0-0: Foul Ball, location: 2F
0-1: Foul Ball, location: 2F
0-2: Ball
1-2: Ball
2-2: Foul Ball, location: 2F
2-2: Foul Ball, location: 2F
2-2: Ball
3-2: SOLO HOME RUN (Flyball, 7D), Distance : 385 ft
Pitching: RHP Shane Thompson
Batting: RHB Pancho Valdés 0-0: Ball
1-0: Called Strike
1-1: Called Strike
1-2: Ball
2-2: Foul Ball, location: 2F
2-2: Ball
3-2: Ground out 6-3 (Groundball, 6)
Batting: RHB Bill Spence 0-0: Ground out 5-3 (Groundball, 56)
Top of the 6th over - 1 run(s), 1 hit(s), 0 error(s), 0 left on base; Atlantic City 7 - Washington DC 0
BOTTOM OF THE 6TH
Washington DC Hot Sauce batting - Pitching for Atlantic City War Dogs : RHP Mauro Martínez
Batting: RHB Júlio García 0-0: Called Strike
0-1: Swinging Strike
0-2: Ball
1-2: Foul Ball, location: 2F
1-2: Ball
2-2: Fly out, F4 (Popup, 3D)
Batting: RHB Juan García 0-0: Foul Ball, location: 2F
0-1: Fly out, F4 (Popup, 34D)
Batting: LHB Vernon Hill 0-0: Ground out U3 (Groundball, 34)
Bottom of the 6th over - 0 run(s), 0 hit(s), 0 error(s), 0 left on base; Atlantic City 7 - Washington DC 0
TOP OF THE 7TH
Atlantic City War Dogs batting - Pitching for Washington DC Hot Sauce : RHP Shane Thompson
Batting: RHB José Guevara 0-0: Foul Ball, location: 2F
0-1: Ball
1-1: Swinging Strike
1-2: Strikes out looking
Batting: RHB Jamie Swyers 0-0: Swinging Strike
0-1: Swinging Strike
0-2: Ball
1-2: Foul Ball, location: 2F
1-2: Strikes out swinging
Batting: LHB Patrick Ferguson 0-0: Ground out 1-3 (Groundball, 13S)
Top of the 7th over - 0 run(s), 0 hit(s), 0 error(s), 0 left on base; Atlantic City 7 - Washington DC 0
BOTTOM OF THE 7TH
Washington DC Hot Sauce batting - Pitching for Atlantic City War Dogs : RHP Mauro Martínez
Batting: RHB Jake Lawrence 0-0: Ball
1-0: Called Strike
1-1: Called Strike
1-2: Strikes out swinging
Batting: RHB Dan Salazar 0-0: Ball
1-0: Called Strike
1-1: Ball
2-1: Swinging Strike
2-2: Strikes out looking
Batting: LHB Jean Beauchemin 0-0: Called Strike
0-1: Ball
1-1: SOLO HOME RUN (Flyball, 9LD), Distance : 346 ft
Batting: RHB Juan Vélez 0-0: Ball
1-0: Ball
2-0: Called Strike
2-1: Ground out 6-3 (Groundball, 6)
Bottom of the 7th over - 1 run(s), 1 hit(s), 0 error(s), 0 left on base; Atlantic City 7 - Washington DC 1
TOP OF THE 8TH
Atlantic City War Dogs batting - Pitching for Washington DC Hot Sauce : RHP Shane Thompson
Batting: RHB Armando Vega 0-0: SINGLE (Line Drive, 6M)
Batting: RHB John Stevens 0-0: Ball
1-0: Called Strike
1-1: Ball
2-1: Fly out, F9 (Flyball, 89M)
Batting: RHB Jesús Herrera 0-0: Ball
1-0: Ball
2-0: Called Strike
2-1: SINGLE (Flyball, 9LS)
Armando Vega to second
Runner from 2nd tries for 3rd, SAFE, no throw
Batting: RHB Pat Simms 0-0: Called Strike
0-1: Swinging Strike
0-2: Foul Ball, location: 2F
0-2: Foul Ball, location: 2F
0-2: SINGLE (Groundball, 6MD)
Armando Vega scores
Jesús Herrera to second
Batting: RHB Pancho Valdés 0-0: Ball
1-0: Called Strike
1-1: Foul Ball, location: 2F
1-2: Grounds into double play, 6-4-3 (Groundball, 56)
Top of the 8th over - 1 run(s), 3 hit(s), 0 error(s), 1 left on base; Atlantic City 8 - Washington DC 1
BOTTOM OF THE 8TH
Washington DC Hot Sauce batting - Pitching for Atlantic City War Dogs : RHP Mauro Martínez
Now in CF: Jerome Cuevas
Batting: RHB Juan López 0-0: Fly out, F7 (Flyball, 78M)
Batting: RHB Germán Ontiveros 0-0: Ball
1-0: Ball
2-0: Ball
3-0: Base on Balls
Pinch Hitting: SHB Tony Varela 0-0: Ball
1-0: Ball
2-0: Foul Ball, location: 2F
2-1: Ball
3-1: Base on Balls
Germán Ontiveros to second
Batting: RHB Juan García 0-0: Ball
1-0: Ball
2-0: Ball
3-0: Base on Balls
Germán Ontiveros to third
Tony Varela to second
Batting: LHB Vernon Hill 0-0: Ball
1-0: Foul Ball, location: 2F
1-1: Foul Ball, location: 2F
1-2: Fielders Choice at 2nd, 5-4 (Groundball, 56)
Germán Ontiveros scores
Tony Varela to third
Batting: RHB Jake Lawrence 0-0: Swinging Strike
0-1: Foul Ball, location: 2F
0-2: Ball
1-2: Ball
2-2: Strikes out swinging
Bottom of the 8th over - 1 run(s), 0 hit(s), 0 error(s), 2 left on base; Atlantic City 8 - Washington DC 2
TOP OF THE 9TH
Atlantic City War Dogs batting - Pitching for Washington DC Hot Sauce : RHP Shane Thompson
Now at SS: Tony Varela
Batting: RHB Bill Spence 0-0: Fly out, F9 (Flyball, 89S)
Batting: RHB José Guevara 0-0: Ball
1-0: Foul Ball, location: 2F
1-1: Ground out 1-3 (Groundball, 13)
Batting: RHB Jamie Swyers 0-0: Called Strike
0-1: Fly out, F9 (Flyball, 9)
Top of the 9th over - 0 run(s), 0 hit(s), 0 error(s), 0 left on base; Atlantic City 8 - Washington DC 2
BOTTOM OF THE 9TH
Washington DC Hot Sauce batting - Pitching for Atlantic City War Dogs : RHP Mauro Martínez
Pitching: RHP Claude Cunningham
Batting: RHB Dan Salazar 0-0: Ball
1-0: Ball
2-0: Foul Ball, location: 2F
2-1: Foul Ball, location: 2F
2-2: SINGLE (Groundball, 56D)
Batting: LHB Jean Beauchemin Balk!
Dan Salazar to second
0-0: Called Strike
0-1: Fly out, F8 (Flyball, 8LS)
Batting: RHB Juan Vélez 0-0: SINGLE (Groundball, 4D)
Dan Salazar to third
Runner from 3rd tries for Home, throw and OUT!
Juan Vélez to second
Batting: RHB Juan López 0-0: Swinging Strike
0-1: Foul Ball, location: 2F
0-2: Ball
1-2: Ball
2-2: Foul Ball, location: 2F
2-2: Ball
3-2: Strikes out swinging
Bottom of the 9th over - 0 run(s), 2 hit(s), 0 error(s), 1 left on base; Atlantic City 8 - Washington DC 2
Thursday, March 30th, 2017 - OOTP Baseball 17.12 Build 75